 Dungeon Crawl Stone Soup version 0.31-a0-4-gefa6de2278 (webtiles) character file.

Game seed: 16533757971026247302

33152 workcheese the Severer (level 13, 0/118 HPs)
             Began as a Hill Orc Fighter on Apr 24, 2023.
             Was an Elder of Beogh.
             Succumbed to jasper's ghost's poison
             ... on level 11 of the Dungeon on May 3, 2023.
             The game lasted 00:45:06 (16231 turns).

workcheese the Severer (Hill Orc Fighter)          Turns: 16231, Time: 00:45:06

Health: 0/118      AC: 24    Str: 24    XL:     13   Next: 69%
Magic:  29/29      EV:  8    Int: 14    God:    Beogh [****..]
Gold:   833        SH:  0    Dex: 10    Spells: 12/12 levels left

rFire   . . .        R - +3 war axe (elec)
rCold   . . .        U - +0 kite shield
rNeg    . . .        s - +0 plate armour
rPois   .            k - +1 helmet
rElec   .            g - +1 cloak
rCorr   .            D - +1 pair of gloves
SInv    .            z - +0 pair of boots
Will    .....        v - amulet of reflection Stlth
                     b - +6 ring of intelligence
HPRegen 0.39/turn    C - ring of magical power
MPRegen 0.21/turn

%: reflection
@: confused, lethally poisoned (0 -> -16), ambrosia-drunk
A: no striking features
a: Renounce Religion, Smiting, Recall Orcish Followers


You were on level 11 of the Dungeon.
You worshipped Beogh.
Beogh was greatly pleased with you.
You visited 2 branches of the dungeon, and saw 15 of its levels.

You collected 833 gold pieces.

Inventory:

Hand Weapons
 A - a +0 morningstar
 G - a +2 heavy war axe
 R - a +3 war axe of electrocution (weapon)
Missiles
 u - 4 datura-tipped darts
 x - 7 throwing nets
 F - 13 poisoned darts
 Q - 10 boomerangs
Armour
 c - a +0 buckler
 g - a +1 cloak (worn)
 k - a +1 helmet (worn)
 s - a +0 plate armour (worn)
 z - a +0 pair of boots (worn)
 D - a +1 pair of gloves (worn)
 U - a +0 kite shield (worn)
Jewellery
 b - a +6 ring of intelligence (left hand)
 v - an amulet of reflection (around neck)
 C - a ring of magical power (right hand)
 N - an amulet of faith
 V - a ring of positive energy
Wands
 w - a wand of flame (43) (quivered)
 O - a wand of paralysis (5)
Scrolls
 d - 3 scrolls of blinking
 f - a scroll of vulnerability
 i - 2 scrolls of fear
 j - a scroll of summoning {unknown}
 l - 3 scrolls of fog
 p - 2 scrolls of amnesia
 q - 3 scrolls of teleportation
 y - 2 scrolls of magic mapping
 B - a scroll of acquirement {unknown}
 E - a scroll of torment {unknown}
 H - a scroll of noise {unknown}
 I - a scroll of silence {unknown}
 L - 2 scrolls of immolation
 S - a scroll of brand weapon {unknown}
Potions
 a - a potion of ambrosia
 h - 3 potions of degeneration
 o - 3 potions of brilliance
 r - 5 potions of attraction
 J - 2 potions of mutation
 K - 4 potions of flight
 M - a potion of berserk rage {unknown}
 P - a potion of invisibility {unknown}
 T - 2 potions of cancellation {unknown}


   Skills:
 + Level 12.0 Fighting
 * Level 17.4 Axes
 + Level 11.0 Armour
 + Level 4.3 Dodging
 + Level 11.1 Shields
 + Level 9.6 Invocations


You had 12 spell levels left.
You didn't know any spells.
Your spell library contained the following spells:

 Spells                   Type           Power      Damage    Failure   Level
 Slow                     Hex            0%         N/A       99%         1
 Sting                    Tmut/Pois      0%         1d3       99%         1
 Poisonous Vapours        Pois/Air       0%         N/A       100%        2
 Confusing Touch          Hex            0%         N/A       100%        3
 Mephitic Cloud           Conj/Pois/Air  0%         N/A       100%        3
 Ozocubu's Armour         Ice            0%         N/A       100%        3
 Stone Arrow              Conj/Erth      0%         3d7       100%        3
 Vampiric Draining        Necr           0%         2d6       100%        3
 Animate Armour           Summ/Erth      0%         N/A       100%        4
 Olgreb's Toxic Radiance  Pois           0%         N/A       100%        4
 Petrify                  Tmut/Erth      0%         N/A       100%        4
 Freezing Cloud           Conj/Ice/Air   0%         6-21      100%        5
 Metabolic Englaciation   Hex/Ice        0%         N/A       100%        5
 Statue Form              Tmut/Erth      0%         N/A       100%        6
 Ozocubu's Refrigeration  Ice            0%         4d7       100%        7
 Lehudib's Crystal Spear  Conj/Erth      0%         10d2      100%        8


Dungeon Overview and Level Annotations

Branches:
Dungeon (14/15)            Temple (0/1) D:6            Lair (0/5) D:10
    Orc (1/2) D:11         Vaults (0/5) D:13

Altars:
Ashenzari
Cheibriados
Elyvilon
Fedhas
Gozag
Uskayaw
Xom
Zin
The Shining One

Annotations:
D:11 4 runed translucent doors, jasper's ghost, journeyman SpCj
D:12 1 runed translucent door, ytrimaz's ghost, journeyman DsFi


Message History

You feel less confused.
* * * LOW HITPOINT WARNING * * *
You feel very sick.
Jasper's ghost hits you but does no damage.
You are more poisoned.
You are confused.
You feel invigorated.
* * * LOW HITPOINT WARNING * * *
You feel very sick. Jasper's ghost closely misses you.
You hit jasper's ghost.
Jasper's ghost is severely damaged.
* * * LOW HITPOINT WARNING * * *
You feel sick.
You are too confused!
* * * LOW HITPOINT WARNING * * *
You feel very sick.
Jasper's ghost hits you but does no damage.
You are more poisoned.
You miss jasper's ghost.
Jasper's ghost is severely damaged.
You feel less invigorated.
You feel less confused.
* * * LOW HITPOINT WARNING * * *
You feel very sick.
Jasper's ghost hits you but does no damage.
You are more poisoned.
Blink to where?
Press: ? - help, Dir - move target, f - you
Okay, then.
Okay, then.
Okay, then.
You are confused.
You feel invigorated.
* * * LOW HITPOINT WARNING * * *
You feel very sick. Jasper's ghost closely misses you.
You completely miss jasper's ghost.
Jasper's ghost is severely damaged.
You die...

....##.# #.#............#.#
#.. .#.###.#
#.#.......##.....### ###
.#.###.# #.#...)...#........#
# .#.....#
#.#.......#........# #
.#########)#.......#........#
#
).).[))...)........#...##.####
#
...####......................#
#
##.####.....####.#.#########.#
# #..........# #@..#..#..#(#.#
# #####......# #.W.#.##.#..#.#
# #......# ##...'...#.$##.####
#...#### #....'...#..W#.....
##.#.# #..#.'.#...:##.####
##..#.######..#.#.####..#.#
####..##.........#.#...# #.#.#
...).##########..#.#########.#
.##### #.>#.....[.....#


You could see jasper's ghost.

Vanquished Creatures
  A minotaur (D:11)
  8 vault guards (D:13)
  Harold (D:9)
  4 centaur warriors
  2 boulder beetles
  7 two-headed ogres
  The ghost of Sobieck the Skirmisher, a novice DsHu of Okawaru (D:9)
  3 death yaks (D:10)
  4 skeletal warriors (D:12)
  3 manticores
  3 cyclopes
  2 slime creatures (D:13)
  Joseph (D:10)
  3 gargoyles
  A kobold demonologist (D:13)
  Psyche (D:9)
  An efreet (D:13)
  7 trolls
  A queen bee (D:9)
  A raiju (shapeshifter) (D:13)
  A spriggan (D:11)
  2 wyverns (D:9)
  2 wraiths (D:12)
  2 shadows
  A human (D:11)
  Grum (D:8)
  Eustachio (D:5)
  3 steam dragons
  A vampire mosquito (D:12)
  2 acid dragons
  A water moccasin (D:7)
  3 orc warriors
  5 ice beasts
  An ogre (D:6)
  4 black bears
  6 sky beasts
  3 wolves (D:8)
  10 centaurs
  A phantom (D:5)
  A kobold brigand (D:8)
  2 gnoll sergeants
  4 bullfrogs
  A scorpion (D:6)
  8 wights
  22 killer bees
  A howler monkey (D:11)
  A crimson imp (D:11)
  3 hounds
  4 orc priests
  3 gnoll boudas
  An iron imp (D:7)
  Ijyb (D:3)
  3 sleepcaps
  7 orc wizards
  5 iguanas
  A hell rat (D:10)
  5 adders
  32 gnolls
  A river rat (D:10)
  2 white imps (D:6)
  3 dart slugs
  34 orcs
  6 bats
  5 endoplasms
  7 goblins
  8 hobgoblins
  9 jackals
  6 quokkas
  5 ball pythons
  3 frilled lizards
  12 kobolds
  8 rats
319 creatures vanquished.

Vanquished Creatures (others)
  2 orc warriors (D:12)
  A sky beast (D:12)
  A wight (D:4)
  An orc wizard (D:11)
  4 orcs
  2 fungi (D:4)
11 creatures vanquished.

Grand Total: 330 creatures vanquished

Notes
Turn   | Place    | Note
-------+----------+-------------------------------------------
     0 | D:1      | workcheese the Hill Orc Fighter began the quest for the
                  | Orb.
     0 | D:1      | Reached XP level 1. HP: 19/19 MP: 1/1
    51 | D:1      | Reached skill level 3 in Axes
    93 | D:1      | Reached XP level 2. HP: 27/27 MP: 2/2
   465 | D:1      | Reached XP level 3. HP: 26/33 MP: 3/3
   565 | D:2      | Found a broken altar of Ashenzari.
   966 | D:2      | Reached skill level 4 in Axes
   982 | D:2      | Reached XP level 4. HP: 16/40 MP: 4/4
  1793 | D:3      | Found a faded altar of an unknown god.
  1848 | D:3      | Noticed Ijyb
  1865 | D:3      | Killed Ijyb
  1866 | D:3      | Reached XP level 5. HP: 37/47 MP: 5/5
  2306 | D:3      | Reached skill level 5 in Axes
  2704 | D:4      | Became a worshipper of Beogh the Brigand
  2705 | D:4      | Found an opulent altar of Gozag.
  2705 | D:4      | Found a hide-covered altar of Uskayaw.
  2707 | D:4      | Found a blossoming altar of Fedhas.
  2708 | D:4      | Found a glowing golden altar of the Shining One.
  2806 | D:4      | Reached XP level 6. HP: 55/55 MP: 6/6
  3088 | D:5      | Entered Level 5 of the Dungeon
  3144 | D:4      | Reached skill level 5 in Fighting
  3262 | D:4      | Reached skill level 6 in Axes
  3381 | D:4      | Found an opulent altar of Gozag.
  3381 | D:4      | Found a hide-covered altar of Uskayaw.
  3383 | D:4      | Found a blossoming altar of Fedhas.
  3384 | D:4      | Found a glowing golden altar of the Shining One.
  4167 | D:5      | Reached XP level 7. HP: 48/61 MP: 7/7
  4587 | D:6      | Found a staircase to the Ecumenical Temple.
  4605 | D:6      | Reached skill level 5 in Shields
  4627 | D:6      | Reached skill level 7 in Axes
  4627 | D:6      | Reached skill level 5 in Armour
  4853 | D:6      | Reached XP level 8. HP: 35/70 MP: 8/8
  4996 | D:6      | Reached skill level 8 in Axes
  5039 | D:6      | Reached * piety under Beogh
  5238 | D:6      | Reached skill level 9 in Axes
  5318 | D:6      | Reached XP level 9. HP: 69/79 MP: 9/9
  5550 | D:5      | Noticed Eustachio
  5557 | D:5      | Killed Eustachio
  5558 | D:5      | Reached skill level 10 in Axes
  5743 | D:6      | Noticed an angel
  5744 | D:6      | Found a glowing silver altar of Zin.
  6106 | D:7      | Reached skill level 11 in Axes
  6264 | D:7      | Found a white marble altar of Elyvilon.
  6324 | D:7      | Reached ** piety under Beogh
  6604 | D:7      | Found a snail-covered altar of Cheibriados.
  6766 | D:7      | Reached XP level 10. HP: 86/88 MP: 10/10
  6768 | D:7      | Reached skill level 1 in Invocations
  6896 | D:8      | Noticed Grum
  6909 | D:8      | Killed Grum
  6910 | D:8      | Reached skill level 12 in Axes
  7093 | D:8      | Noticed a two-headed ogre
  7102 | D:8      | Killed a two-headed ogre
  7408 | D:8      | Found a shimmering altar of Xom.
  7970 | D:9      | Noticed a two-headed ogre
  7992 | D:9      | Killed a two-headed ogre
  7992 | D:9      | Reached *** piety under Beogh
  8097 | D:9      | Reached skill level 13 in Axes
  8403 | D:9      | Noticed Psyche
  8405 | D:9      | Killed Psyche
  8406 | D:9      | Reached XP level 11. HP: 97/97 MP: 14/14
  8495 | D:9      | Noticed Harold
  8500 | D:9      | Killed Harold
  8501 | D:9      | Reached skill level 5 in Invocations
  8636 | D:9      | Noticed Sobieck's ghost (novice DsHu)
  8645 | D:9      | Found a transporter.
  8650 | D:9      | Found a transporter.
  9023 | D:10     | Entered Level 10 of the Dungeon
  9531 | D:10     | Noticed a death yak
  9532 | D:10     | Noticed a death yak
  9539 | D:10     | Noticed a death yak
  9545 | D:10     | Killed a death yak
  9546 | D:10     | Reached skill level 14 in Axes
  9548 | D:10     | Killed a death yak
  9556 | D:10     | Killed a death yak
  9748 | D:10     | Found a staircase to the Lair.
  9762 | D:10     | Found a broken altar of Ashenzari.
  9885 | D:10     | Reached skill level 10 in Fighting
 10040 | D:10     | Noticed Joseph
 10043 | D:10     | Killed Joseph
 10548 | D:11     | Found a huge runed translucent gate.
 10548 | D:11     | Found a huge runed translucent gate.
 10548 | D:11     | Found a huge runed translucent gate.
 10549 | D:11     | Found a huge runed translucent gate.
 10549 | D:11     | Noticed a manticore
 10610 | D:11     | Noticed jasper's ghost (journeyman SpCj)
 10612 | D:11     | Noticed a minotaur
 10631 | D:11     | Found a runed translucent gate.
 10631 | D:11     | Found a runed translucent gate.
 10631 | D:11     | Found a runed translucent gate.
 10631 | D:11     | Noticed a two-headed ogre
 10860 | D:11     | Noticed a two-headed ogre
 10866 | D:11     | Killed a two-headed ogre
 10884 | D:11     | Noticed a two-headed ogre
 10884 | D:11     | Noticed a manticore
 10901 | D:11     | Noticed a two-headed ogre
 10915 | D:11     | Killed a two-headed ogre
 10916 | D:11     | Reached skill level 1 in Dodging
 10916 | D:11     | Reached XP level 12. HP: 28/107 MP: 17/17
 11016 | D:11     | Killed a two-headed ogre
 11017 | D:11     | Reached skill level 15 in Axes
 11455 | D:11     | Found a staircase to the Orcish Mines.
 12224 | D:12     | Reached skill level 10 in Shields
 12541 | Orc:1    | Entered Level 1 of the Orcish Mines
 12541 | Orc:1    | Noticed a two-headed ogre
 12552 | D:11     | Killed a two-headed ogre
 12553 | D:11     | Reached skill level 10 in Armour
 12941 | D:12     | Found a runed translucent door.
 12941 | D:12     | Noticed ytrimaz's ghost (journeyman DsFi)
 12962 | D:12     | Noticed a centaur warrior
 12970 | D:12     | Killed a centaur warrior
 13281 | D:12     | Upgraded the game from 0.30-a0-1157-g2cc9ac7196 to
                  | 0.31-a0-4-gefa6de2278
 13429 | D:12     | Reached skill level 16 in Axes
 13619 | D:12     | Noticed a boulder beetle
 13645 | D:12     | Killed a boulder beetle
 13872 | D:13     | Noticed a centaur warrior
 14116 | D:13     | Killed a centaur warrior
 14117 | D:13     | Reached XP level 13. HP: 112/116 MP: 19/19
 14546 | D:13     | Found a gate to the Vaults.
 14546 | D:13     | Noticed a vault guard
 14546 | D:13     | Noticed a vault guard
 14546 | D:13     | Noticed a vault guard
 14546 | D:13     | Noticed a vault guard
 14546 | D:13     | Noticed a vault guard
 14547 | D:13     | Noticed a vault guard
 14547 | D:13     | Noticed a vault guard
 14547 | D:13     | Noticed a vault guard
 14552 | D:13     | Killed a vault guard
 14559 | D:13     | Killed a vault guard
 14564 | D:13     | Killed a vault guard
 14570 | D:13     | Killed a vault guard
 14576 | D:13     | Killed a vault guard
 14584 | D:13     | Killed a vault guard
 14584 | D:13     | Reached **** piety under Beogh
 14591 | D:13     | Killed a vault guard
 14596 | D:13     | Killed a vault guard
 14597 | D:13     | Reached skill level 17 in Axes
 15685 | D:9      | Killed Sobieck's ghost
 15953 | D:11     | Killed a minotaur
 16223 | D:11     | HP: 5/118 [poisoned by jasper's ghost]
 16224 | D:11     | HP: 1/118 [jasper's ghost/magic dart (5)]
 16229 | D:11     | HP: 3/118 [poisoned by jasper's ghost]
 16230 | D:11     | HP: 1/118 [poisoned by jasper's ghost]
 16231 | D:11     | Succumbed to jasper's ghost's poison

Illustrated notes

Levels and vault maps discovered:
D:1:      dpeg_arrival_rhombi, layout_rooms, minmay_misc_feat_iff,
          minmay_misc_feat_hallway, chequers_avenue
D:2:      layout_basic, basic_altar, corexii_item_surrounded_by_moat
D:3:      layout_loops_cross, hellmonk_ecumenical_altar_slurped_away, uniq_ijyb
D:4:      layout_loops_cross, mainiacjoe_overflow_alcove_3
D:5:      kennysheep_big_flooded_room, layout_loops_cross, uniq_eustachio
D:6:      layout_rooms, zin_angel, minmay_temple_entry_statues,
          chequers_serial_rivers_room_a, kennysheep_diamond
D:7:      layout_basic, slow_altar_2, amcnicky_altar_gilded
D:8:      layout_loops_ring, mainiacjoe_overflow_small_starburst,
          grunt_ministairs_12, hangedman_glass_teeth, uniq_grum
D:9:      layout_long_grid, gammafunk_ghost_hive, uniq_harold, uniq_psyche
D:10:     layout_grid_maze, cheibrodos_ashenzari_chains, dpeg_lair_monsters,
          minmay_misc_feat_nine_boxes, kennysheep_generic_room_12, uniq_joseph
D:11:     lemuel_bear_cage, layout_basic, hiddenorc2_lemuel,
          maelrawn_ghost_gauntlet_escape, hangedman_stone_soup
D:12:     layout_roguey, hellmonk_ghost_happy_afterlife, hangedman_misty_isle
D:13:     layout_loops_ring, erik_vaults_2
D:14:     layout_small_grid, serial_glass, glass_columns_c, glass_columns_c,
          wad_floor_pattern_1, minmay_evil_grid, uniq_lodul, uniq_rupert,
          uniq_louise
Orc:1:    layout_caves, nicolae_orc_lost_temple

Skill      XL: |  1  2  3  4  5  6  7  8  9 10 11 12 13 |
---------------+----------------------------------------+-----
Axes           | 3 4 5 6 7 9 11 13 14 16 17 | 17.4
Fighting       | 4 5 7 8 9 10 11 12 | 12.0
Armour         | 4 5 6 7 8 9 10 11 | 11.0
Shields        | 4 5 6 7 8 9 10 11 | 11.1
Invocations    | 4 6 8 9 |  9.6
Dodging        | 1 3 4 |  4.3

Action                     |  1- 3 |  4- 6 |  7- 9 | 10-12 | 13-15 || total
---------------------------+-------+-------+-------+-------+-------++-------
  Melee: War axe           |    89 |   146 |   208 |   410 |   298 ||  1151
  Throw: Dart              |       |       |     3 |       |       ||     3
 Invoke: Convert to Beogh  |       |     1 |       |       |       ||     1
         Smiting           |       |       |       |    12 |       ||    12
  Evoke: Wand              |       |     1 |       |     8 |       ||     9
    Use: Potion            |     1 |       |     1 |     5 |    23 ||    30
         Scroll            |       |       |    12 |     4 |     8 ||    24
 Armour: Scale mail        |    48 |       |       |       |       ||    48
         Plate armour      |       |    76 |   186 |   269 |   140 ||   671
  Dodge: Dodged            |    59 |    47 |    71 |   132 |    45 ||   354
  Block: Buckler           |    17 |    63 |   136 |   247 |    32 ||   495
         Reflection        |       |     1 |     3 |    14 |     5 ||    23
         Kite shield       |       |       |       |       |   108 ||   108

Table legend: (Time is in decaauts)
 A = Elapsed time spent in this place.
 B = Non-inter-level travel time spent in this place.
 C = Inter-level travel time spent in this place.
 D = Time resting spent in this place.
 E = Time spent auto-exploring this place.
 F = Levels seen in this place.
 G = Mean time per level.
                   A        B        C        D        E       F      G
               +--------+--------+--------+--------+--------+-----+--------+
         Total |  16432 |  15624 |    808 |    517 |  12484 |  15 | 1095.5 |
       Dungeon |  16431 |  15623 |    808 |    517 |  12484 |  14 | 1173.6 |
  Orcish Mines |      1 |      1 |      0 |      0 |      0 |   1 |    1.0 |
               +--------+--------+--------+--------+--------+-----+--------+

Top non-repeatable levels by time:
    D:11: 2113 daAuts
    D:12: 1984 daAuts
     D:4: 1546 daAuts
    D:10: 1468 daAuts
    D:13: 1435 daAuts
     D:9: 1266 daAuts
     D:8: 1192 daAuts
     D:6: 1144 daAuts
     D:2: 1063 daAuts
     D:5: 913 daAuts
     D:7: 905 daAuts
     D:3: 815 daAuts
     D:1: 579 daAuts
   Orc:1: 1 daAuts
    D:14: 1 daAuts
